Map: Graystone Ravine

Players

xBenx

  • Race: Zerg Zerg
  • League: Gold
  • Spawn Location: 3:00

WarpigxxxL

  • Race: Zerg Zerg
  • Spawn Location: 5:00

mussshassho - Winner!

  • Race: Terran Terran
  • Spawn Location: 11:00

TheGOAT - Winner!

  • Race: Protoss Protoss
  • Spawn Location: 9:00

VOD

Have the link to the VOD?

Description

WarpigxxL, xBenx vs TheGOAT, musshassho

Time

  • Played on: April 8, 2024, 4:48 p.m.
  • Length: 28:05
Show
View Real Time Build Order
Export as new Build Order

xBenx Zerg 

Build Orders: Hatch First 

Get SALT Encoding   

  12  0:02  Drone  
  13  0:17  Overlord  
  13  0:26  Drone  
  14  0:47  Drone, Hatchery  
  14  1:07  Drone x3  
  14  1:09  Extractor  
  16  1:29  Spawning Pool  
  16  1:32  Drone x2  
  17  1:51  Drone x2  
  19  2:09  Drone  
  19  2:10  Drone x2  
  22  2:15  Queen  
  22  2:16  Queen  
  22  2:19  Metabolic Boost  
  26  2:23  Drone  
  28  2:37  Zergling x2  
  28  2:41  Overlord x2  
  28  3:04  Drone x3  
  31  3:11  Extractor  
  30  3:12  Lair  
  31  3:20  Drone  
  30  3:27  Baneling Nest  
  30  3:29  Zergling x4  
  31  3:44  Drone x2, Hatchery  
  31  3:46  Spore Crawler  
  31  3:49  Spore Crawler  
  30  3:59  Drone  
  30  4:00  Drone  
  32  4:03  Drone x2  
  32  4:06  Extractor  
  33  4:13  Zergling x2  
  33  4:14  Zergling x12  
  33  4:16  Baneling x2  
  40  4:22  Infestation Pit  
  39  4:25  Drone  
  39  4:27  Drone  
  41  4:33  Baneling x4  
  41  4:34  Baneling  
  41  4:45  Drone x3  
  43  4:47  Overlord  
  43  4:52  Overlord  
  44  5:02  Drone  
  45  5:14  Nydus Network  
  45  5:16  Drone x3  
  45  5:19  Extractor  
  46  5:22  Drone x2  
  46  5:23  Spore Crawler  
  47  5:31  Spore Crawler x2  
  45  5:44  Drone x2  
  45  5:46  Spore Crawler  
  45  5:48  Spore Crawler  
  45  5:49  Spore Crawler  
  45  5:50  Drone  
  37  6:15  Nydus Canal  
  37  6:20  Zergling x22  
  48  6:26  Drone  
  48  6:36  Overlord  
  48  6:39  Baneling  
  48  6:40  Baneling x2  
  48  6:41  Baneling  
  48  6:45  Overlord  
  48  6:59  Hive  
  48  7:01  Zergling x10  
  51  7:07  Drone x2  
  55  7:20  Zergling x2  
  56  7:24  Baneling x6  
  56  7:26  Queen  
  58  7:38  Spore Crawler  
  58  7:40  Spore Crawler  
  56  7:46  Nydus Canal  
  56  7:49  Drone  
  56  7:50  Drone x2  
  59  7:51  Drone  
  59  7:52  Drone x2  
  62  8:01  Nydus Canal  
  62  8:08  Drone x3  
  62  8:11  Extractor  
  64  8:13  Pneumatized Carapace  
  64  8:15  Ultralisk Cavern  
  63  8:23  Adrenal Glands  
  63  8:28  Drone  
  64  8:40  Nydus Canal  
  64  8:45  Drone x4  
  64  8:48  Extractor, Overlord  
  67  8:52  Drone x2  
  67  8:53  Drone  
  70  8:56  Drone  
  70  8:57  Centrifugal Hooks  
  71  9:12  Nydus Canal  
  61  9:25  Zergling x2  
  61  9:26  Zergling x38  
  80  9:35  Drone x3  
  77  9:45  Baneling  
  77  9:46  Baneling x4  
  77  9:51  Nydus Canal  
  69  10:01  Ultralisk x2  
  69  10:05  Drone x3  
  83  10:10  Nydus Canal  
  83  10:12  Chitinous Plating  
  83  10:15  Drone x2  
  83  10:16  Drone  
  86  10:25  Hatchery  
  85  10:28  Nydus Canal  
  85  10:33  Baneling  
  85  10:34  Baneling  
  85  10:36  Burrow  
  85  10:40  Spore Crawler  
  85  10:41  Spore Crawler  
  83  10:46  Spore Crawler  
  83  10:47  Spore Crawler  
  81  10:59  Drone x3  
  81  11:03  Spore Crawler  
  83  11:05  Spore Crawler  
  83  11:07  Spore Crawler  
  80  11:19  Nydus Canal  
  72  11:33  Zergling x2  
  72  11:34  Zergling x20  
  72  11:36  Overlord x4  
  75  11:42  Evolution Chamber  
  75  11:43  Evolution Chamber  
  73  11:49  Queen  
  73  11:50  Drone x2  
  77  11:58  Spore Crawler  
  77  11:59  Spore Crawler  
  75  12:01  Queen  
  75  12:03  Baneling x8  
  75  12:04  Baneling x2  
  75  12:05  Nydus Canal  
  71  12:25  Zerg Melee Weapons Level 1, Zerg Ground Armor Level 1  
  71  12:37  Anabolic Synthesis  
  71  12:38  Ultralisk x4  
  95  12:47  Drone x3  
  95  12:49  Baneling x4  
  98  13:04  Spore Crawler  
  98  13:05  Drone  
  98  13:07  Extractor  
  98  13:12  Spore Crawler  
  96  13:14  Nydus Network  
  95  13:29  Nydus Canal  
  95  13:32  Overseer x2  
  95  13:35  Drone  
  95  13:36  Drone x2  
  95  13:39  Drone, Spore Crawler  
  95  13:40  Drone x2, Queen  
  93  13:41  Spore Crawler  
  93  13:47  Zergling x6  
  93  13:48  Zergling x2  
  93  13:49  Spine Crawler  
  93  13:51  Zergling x8  
  93  13:52  Zergling x2, Ultralisk  
  80  14:03  Drone x4  
  84  14:18  Overseer, Overlord  
  84  14:19  Zergling x4  
  84  14:20  Zergling x10, Ultralisk  
  97  14:33  Nydus Canal  
  97  14:40  Overseer  
  97  14:46  Drone, Spore Crawler  
  97  14:47  Drone x3, Spore Crawler  
  97  14:49  Spore Crawler  
  97  14:50  Spore Crawler  
  97  14:52  Spore Crawler, Nydus Canal  
  96  15:05  Nydus Canal  
  96  15:13  Nydus Canal  
  79  15:29  Nydus Canal  
  79  15:31  Zerg Melee Weapons Level 2, Zerg Ground Armor Level 2  
  66  15:40  Drone x2  
  66  15:41  Drone  
  69  15:47  Nydus Canal  
  69  15:48  Nydus Canal  
  69  15:59  Zergling x8, Ultralisk x2  
  69  16:00  Zergling x10, Ultralisk x4  
  114  16:05  Hydralisk Den  
  114  16:10  Evolution Chamber  
  112  16:22  Nydus Canal  
  112  16:25  Nydus Canal  
  112  16:34  Zergling x2, Ultralisk  
  119  16:41  Nydus Canal  
  119  16:49  Overlord x3  
  119  16:50  Overlord x4  
  106  17:11  Ultralisk  
  106  17:25  Nydus Canal  
  106  17:27  Nydus Canal  
  106  17:30  Zergling x2, Ultralisk x2  
  106  17:31  Zergling x12, Ultralisk x3  
  143  17:47  Zerg Missile Weapons Level 1  
  129  18:10  Zerg Ground Armor Level 3  
  129  18:11  Hydralisk x10  
  149  18:22  Nydus Canal  
  149  18:31  Hatchery  
  148  18:37  Ultralisk  
  148  18:40  Zergling x8, Ultralisk  
  158  18:50  Overseer x3  
  158  19:03  Nydus Canal  
  158  19:07  Nydus Canal  
  152  19:21  Hatchery  
  152  19:23  Extractor x2  
  141  19:30  Nydus Canal  
  140  19:37  Nydus Canal  
  140  19:39  Zergling x12, Ultralisk x2  
  140  19:40  Zergling x2  
  155  19:47  Nydus Canal  
  155  19:48  Zergling x4  
  155  19:49  Zergling x2  
  114  20:00  Nydus Canal  
  114  20:02  Nydus Canal  
  102  20:15  Queen  
  103  20:29  Spore Crawler  
  103  20:30  Spore Crawler  
  103  20:31  Spore Crawler x2  
  103  20:33  Spore Crawler x3  
  103  20:34  Spore Crawler  
  95  20:36  Spore Crawler  
  92  20:46  Nydus Canal  
  90  20:50  Nydus Canal  
  90  20:55  Spine Crawler x2  
  90  20:56  Spore Crawler  
  85  21:04  Drone x3  
  88  21:16  Drone x3  
  90  21:22  Drone  
  90  21:24  Nydus Canal  
  91  21:30  Nydus Canal  
  76  21:48  Spore Crawler  
  76  21:50  Nydus Canal  
  76  21:51  Nydus Canal  
  76  21:53  Spore Crawler  
  70  21:55  Zerg Missile Weapons Level 2  
  62  22:03  Drone x3  
  62  22:08  Nydus Canal  
  56  22:18  Spore Crawler  
  56  22:20  Spore Crawler  
  56  22:21  Spine Crawler  
  49  22:27  Drone  
  46  22:31  Nydus Canal  
  46  22:42  Nydus Canal  
  46  22:45  Overseer  
  46  22:56  Nydus Canal  
  46  23:03  Zergling x10, Ultralisk  
  46  23:04  Zergling x2  
  58  23:07  Drone  
  58  23:23  Hatchery  
  57  23:28  Nydus Canal  
  42  23:34  Nydus Canal  
  40  23:43  Nydus Canal  
  37  24:19  Nydus Canal  
  31  24:32  Queen  
  31  24:35  Nydus Canal  
  31  24:37  Drone x2  
  28  25:26  Nydus Canal  
  26  25:43  Extractor  
  25  26:45  Hatchery  
Show
View Real Time Build Order
Export as new Build Order

WarpigxxxL Zerg 

Build Orders: Pool First, Roach Nydus 

Get SALT Encoding   

  12  0:03  Drone  
  13  0:08  Drone  
  14  0:17  Overlord  
  14  0:36  Spawning Pool  
  14  0:37  Drone  
  14  0:40  Drone  
  15  0:46  Drone  
  16  0:50  Drone  
  17  1:16  Drone, Hatchery  
  17  1:20  Drone  
  17  1:25  Zergling x2  
  19  1:38  Zergling x2  
  20  1:43  Extractor  
  20  1:44  Extractor  
  20  1:45  Drone, Queen  
  21  1:59  Drone  
  22  2:13  Roach Warren, Overlord  
  21  2:23  Drone  
  23  2:37  Drone x3  
  25  2:52  Metabolic Boost  
  25  2:59  Drone x5  
  25  3:00  Drone  
  25  3:04  Lair  
  31  3:11  Drone x3  
  34  3:36  Evolution Chamber  
  34  3:39  Spore Crawler  
  34  3:40  Drone x3  
  34  3:41  Drone  
  36  3:51  Overlord x2  
  36  4:09  Queen  
  36  4:11  Roach x2  
  36  4:12  Roach x4  
  50  4:19  Roach  
  50  4:20  Nydus Network  
  51  4:31  Tunneling Claws  
  51  4:38  Zergling x2  
  52  5:02  Overlord x5  
  52  5:03  Overlord  
  52  5:10  Extractor x2  
  50  5:15  Drone  
  50  5:16  Drone  
  50  5:17  Overlord  
  52  5:21  Overseer  
  52  5:24  Roach  
  50  5:36  Ravager  
  50  5:39  Ravager  
  50  5:47  Spore Crawler x2  
  50  5:49  Glial Reconstitution  
  48  5:50  Spore Crawler x2  
  48  5:51  Spore Crawler x2  
  48  5:53  Spore Crawler  
  48  5:56  Spore Crawler  
  41  6:23  Nydus Canal  
  41  6:27  Roach x2  
  45  6:40  Drone  
  45  6:41  Drone x5  
  51  7:05  Spawning Pool  
  50  7:11  Burrow  
  50  7:13  Drone x2  
  50  7:15  Drone x2  
  54  7:17  Drone x2  
  56  7:25  Zerg Melee Weapons Level 1  
  56  7:44  Nydus Canal  
  56  7:49  Roach x5  
  66  8:03  Spawning Pool  
  65  8:14  Spore Crawler  
  65  8:15  Spore Crawler x3  
  65  8:19  Spore Crawler  
  60  8:21  Nydus Canal  
  60  8:24  Roach  
  62  8:48  Roach x12  
  62  8:58  Roach x3  
  62  8:59  Roach x2  
  72  9:03  Roach x11  
  70  9:17  Roach x3  
  46  9:52  Drone x6  
  42  10:25  Roach x4  
  47  10:36  Hatchery  
  47  10:37  Roach  
  47  10:39  Zergling x2  
  49  10:47  Spore Crawler  
  48  10:56  Nydus Canal  
  48  10:59  Roach x2  
  52  11:13  Roach x2  
  52  11:14  Roach  
  58  11:26  Nydus Canal  
  58  11:29  Roach  
  58  11:30  Roach  
  62  11:46  Roach x3  
  68  11:54  Nydus Canal  
  68  12:13  Drone  
  68  12:15  Drone  
  70  12:25  Ravager x5  
  70  12:26  Ravager x2  
  70  12:28  Ravager  
  70  12:29  Hatchery  
  77  12:30  Ravager  
  77  12:34  Drone  
  79  12:44  Drone x3  
  81  12:49  Roach  
  84  13:13  Drone x6  
  90  13:36  Ravager  
  90  13:37  Ravager  
  90  13:39  Overlord  
  90  13:40  Overlord x3  
  92  13:42  Drone  
  93  13:51  Spore Crawler  
  93  13:52  Spore Crawler  
  93  13:54  Spore Crawler  
  90  13:56  Drone  
  90  13:57  Drone x4  
  95  14:12  Nydus Canal  
  95  14:21  Roach x3  
  95  14:22  Roach x3  
  107  14:38  Roach x4  
  115  15:19  Nydus Canal  
  117  15:35  Roach  
  117  15:36  Roach x6  
  117  15:38  Overlord  
  117  15:39  Overlord  
  129  15:43  Nydus Canal  
  129  16:01  Roach x6  
  141  16:11  Nydus Canal  
  141  16:15  Roach x3  
  133  16:27  Nydus Canal  
  133  16:30  Roach x3  
  139  16:40  Roach x3  
  136  17:24  Roach x2  
  136  17:26  Overlord x4  
  140  17:34  Nydus Canal  
  112  18:05  Nydus Canal  
  112  18:08  Roach x6  
  124  18:15  Queen x2  
  69  18:51  Queen x2  
  69  18:53  Zergling x2  
  69  18:54  Zergling x10  
  74  19:06  Roach x5  
  74  19:26  Queen  
  74  19:27  Queen  
  74  19:28  Nydus Canal  
  78  19:34  Roach x4  
  78  19:35  Roach x2  
  90  19:38  Roach x4  
  90  19:46  Roach x2  
  90  19:47  Roach x2  
  79  19:59  Nydus Canal  
  79  20:01  Roach x4  
  79  20:02  Queen  
  81  20:15  Roach x4  
  81  20:22  Roach x4  
  81  20:23  Roach x2  
  81  20:27  Nydus Canal  
  93  20:47  Roach x8  
  101  20:55  Nydus Canal  
  101  21:14  Roach x12  
  101  21:17  Roach x6  
  111  21:28  Roach x10  
  101  21:44  Roach  
  101  21:45  Roach x3  
  105  22:06  Roach x5  
  105  22:17  Roach x6  
  105  22:18  Hatchery  
  116  22:23  Roach x20  
  102  22:46  Roach  
  102  22:47  Roach x3  
  102  22:49  Nydus Canal  
  102  22:50  Hatchery  
  109  22:59  Roach x2  
  109  23:05  Roach x2  
  117  23:16  Drone x2  
  106  23:43  Ravager  
  106  23:44  Ravager x3  
  110  24:08  Drone x7  
  71  27:27  Spawning Pool  
Show
View Real Time Build Order
Export as new Build Order

mussshassho Terran - Winner!

Build Orders:  

Get SALT Encoding   

  12  0:00  SCV  
  13  0:12  SCV  
  14  0:25  Supply Depot  
  14  0:28  SCV  
  15  0:29  Refinery  
  15  0:52  Barracks  
  15  1:02  SCV, Refinery  
  16  1:14  SCV  
  17  1:39  Supply Depot  
  17  1:43  Orbital Command  
  17  1:45  Factory  
  17  1:53  Engineering Bay  
  17  2:08  Barracks  
  17  2:14  Marine  
  18  2:27  Bunker  
  18  2:37  Starport  
  18  2:55  Bunker  
  18  2:56  Marine x2  
  20  3:14  Marine  
  20  3:17  Fusion Core  
  20  3:18  Starport Tech Lab  
  21  3:31  Supply Depot  
  21  3:37  Marine x2  
  23  3:42  SCV  
  24  4:07  Battlecruiser  
  30  4:28  Marine x2  
  30  4:29  Supply Depot  
  32  4:57  Command Center  
  32  4:59  SCV  
  33  5:06  Marine  
  34  5:11  SCV  
  35  5:46  SCV  
  35  5:48  Cloaking Field  
  36  5:52  Starport  
  36  5:56  Starport  
  36  5:59  SCV  
  33  6:25  Hellion  
  33  6:26  SCV  
  33  6:31  Marine  
  35  6:36  Supply Depot  
  35  6:38  SCV  
  35  6:39  SCV  
  37  6:40  Refinery  
  37  6:44  Starport Tech Lab  
  37  6:45  Starport Tech Lab  
  39  6:47  Hellion  
  39  6:49  Marine  
  39  6:51  SCV  
  41  7:03  SCV  
  41  7:04  Barracks  
  42  7:08  SCV  
  42  7:09  Barracks  
  42  7:11  Hyperflight Rotors  
  43  7:16  SCV  
  43  7:20  SCV  
  45  7:31  Banshee x2  
  45  7:32  SCV  
  52  7:40  Supply Depot  
  52  7:42  SCV  
  53  7:45  SCV  
  53  7:47  Missile Turret  
  54  7:56  Missile Turret  
  54  8:02  Barracks Reactor, Banshee, SCV  
  54  8:03  Barracks Tech Lab  
  58  8:05  Barracks  
  58  8:07  Barracks, SCV  
  58  8:11  Supply Depot  
  59  8:22  SCV  
  59  8:27  Refinery  
  60  8:32  Banshee  
  63  8:34  SCV  
  63  8:35  SCV  
  65  8:44  Missile Turret  
  65  8:46  SCV  
  65  8:47  SCV  
  65  8:48  Banshee  
  70  8:58  Barracks Reactor  
  70  8:59  Barracks Reactor  
  70  9:01  Supply Depot  
  70  9:10  Supply Depot  
  70  9:19  Marine  
  70  9:22  SCV, Marine x3  
  70  9:23  SCV  
  68  9:35  SCV  
  68  9:43  Marine x2  
  69  9:54  Starport  
  69  9:55  Marine x5  
  74  10:01  Marine x2  
  71  10:09  Planetary Fortress  
  71  10:20  Supply Depot  
  71  10:22  Factory Tech Lab, Supply Depot  
  71  10:57  Starport Tech Lab  
  71  10:59  Armory  
  71  11:00  Factory Tech Lab  
  71  11:01  Marine x4  
  71  11:02  Marine x2  
  77  11:05  Stimpack  
  77  11:20  Barracks  
  77  11:24  Barracks  
  75  11:42  Marine x3  
  78  11:47  Supply Depot  
  78  11:49  Supply Depot  
  78  11:50  Supply Depot  
  78  11:51  Supply Depot  
  78  12:08  Marine x5  
  78  12:13  Armory  
  83  12:16  Engineering Bay  
  84  12:22  SCV  
  84  12:27  Supply Depot  
  84  12:28  Terran Infantry Weapons Level 1  
  84  12:35  SCV  
  85  12:47  SCV  
  86  12:51  Barracks Reactor  
  86  12:53  Concussive Shells  
  86  13:00  Terran Infantry Armor Level 1  
  86  13:02  Terran Vehicle Weapons Level 1  
  86  13:03  Terran Vehicle And Ship Armor Level 1  
  78  13:54  Banshee x2  
  84  13:56  Marine  
  84  13:57  Marine x6  
  91  14:07  Barracks  
  91  14:14  Marine x3  
  94  14:37  Banshee  
  97  14:49  Command Center  
  97  14:52  Factory Tech Lab  
  97  14:54  Barracks Tech Lab x2  
  97  14:57  Marine  
  92  15:32  Marine x3  
  92  15:33  Marine x5  
  100  15:35  Barracks Reactor  
  100  15:39  Siege Tank  
  103  15:47  Command Center  
  103  15:56  Marauder x2  
  104  17:02  Marine x4  
  104  17:03  Marine  
  104  17:05  Missile Turret  
  110  17:14  Marine  
  110  17:17  Refinery  
  108  18:08  Marine x4  
  108  18:09  Marine x2  
  114  18:23  Marauder  
  112  18:27  Marauder  
  90  18:44  Marauder  
  85  18:54  Planetary Fortress  
  83  18:59  Missile Turret, Refinery  
  83  19:01  Refinery  
  83  19:05  Missile Turret  
  75  19:33  Marine x2  
  77  19:51  Marine  
Show
View Real Time Build Order
Export as new Build Order

TheGOAT Protoss - Winner!

Build Orders:  

Get SALT Encoding   

  12  0:10  Pylon  
  12  0:22  Probe  
  13  0:29  Gateway  
  13  0:43  Assimilator  
  13  0:45  Assimilator  
  13  0:54  Probe  
  14  1:06  Probe  
  15  1:18  Probe  
  16  1:20  Cybernetics Core  
  16  1:37  Probe  
  17  1:47  Pylon  
  17  1:49  Probe  
  18  2:00  Stargate  
  18  2:01  Probe  
  19  2:09  Stargate  
  19  2:21  Probe (Chrono Boost)  
  20  2:32  Probe (Chrono Boost)  
  20  2:37  Probe (Chrono Boost)  
  26  3:00  Void Ray (Chrono Boost)  
  30  3:06  Void Ray (Chrono Boost)  
  30  4:01  Pylon  
  30  4:03  Pylon  
  30  4:07  Pylon  
  30  4:08  Pylon  
  38  4:25  Void Ray x2  
  38  4:37  Nexus  
  38  4:41  Assimilator  
  38  4:43  Assimilator  
  38  5:05  Probe  
  39  5:50  Probe (Chrono Boost)  
  40  6:01  Probe (Chrono Boost)  
  41  6:05  Probe (Chrono Boost)  
  42  6:16  Probe  
  43  6:21  Fleet Beacon  
  43  6:28  Probe  
  44  6:53  Void Ray x2  
  52  6:55  Pylon  
  53  7:05  Flux Vanes  
  52  7:10  Cybernetics Core  
  52  7:13  Probe (Chrono Boost)  
  54  7:23  Probe (Chrono Boost)  
  54  7:28  Probe (Chrono Boost)  
  63  7:39  Probe  
  63  7:40  Void Ray x2  
  64  7:51  Probe  
  65  8:01  Protoss Air Weapons Level 1, Protoss Air Armor Level 1  
  65  8:20  Stargate  
  65  8:23  Stargate  
  69  9:14  Void Ray  
  83  10:21  Void Ray x3  
  83  10:22  Void Ray  
  85  11:51  Void Ray, Pylon  
  85  11:53  Pylon  
  85  11:54  Pylon  
  85  11:55  Pylon  
  85  11:56  Pylon  
  85  11:57  Pylon  
  85  11:58  Pylon  
  85  12:00  Pylon  
  97  12:15  Void Ray x2  
  97  12:17  Void Ray  
  101  13:25  Void Ray  
  101  13:26  Void Ray x3  
  113  13:39  Protoss Air Weapons Level 2  
  113  13:54  Protoss Air Armor Level 2  
  113  14:30  Void Ray x2  
  113  14:31  Void Ray  
  129  14:39  Void Ray  
  129  14:59  Nexus  
  129  15:02  Assimilator  
  129  15:07  Assimilator  
  123  17:57  Probe  
  124  18:09  Probe  
  141  18:14  Void Ray  
  141  18:17  Void Ray x3  
  141  18:21  Probe  
  142  18:33  Probe  
  143  18:45  Probe  
  144  19:21  Probe (Chrono Boost)  
  146  19:31  Probe (Chrono Boost)  
  146  19:36  Probe (Chrono Boost)  
  147  19:47  Probe  
  148  19:59  Probe  
Tags
 
Add a new tag
Caveats
  • Supply blocks, unpowered buildings, or Contaminate may cause inaccurate times.
  • Supply counts are checked every 10 seconds.